[Event "Titled Tuesday Blitz August 22 Late 2023"]
[White "Seresin, Francesco"]
[Black "only_strong_moves"]
[WhiteFideId "886335"]
[WhiteElo "2386"]
[BlackElo "2510"]
[Result "1-0"]
[Round "11"]
[TimeControl "180+1"]
[Date "2023.08.22"]
[WhiteClock "0:00:30"]
[BlackClock "0:01:09"]
[Board "70"]

1. d4 h6 2. c4 e6 3. Nc3 d5 4. Nf3 Nf6 5. Bf4 c5 6. e3 a6 7. Be2 Nc6 8. cxd5 Nxd5 9. Nxd5 Qxd5 10. dxc5 Qxd1+ 11. Rxd1 Bxc5 12. O-O Ke7 13. a3 Rd8 14. b4 Bd6 15. Bxd6+ Rxd6 16. Rxd6 Kxd6 17. Rd1+ Ke7 18. Nd2 Bd7 19. Nc4 Rd8 20. Bf3 b5 21. Bxc6 bxc4 22. Rxd7+ Rxd7 23. Bxd7 Kxd7 24. Kf1 Kc6 25. a4 Kd5 26. Ke2 c3 27. Kd3 c2 28. Kxc2 Kc4 29. b5 axb5 30. a5 Kc5 31. Kb3 b4 32. a6 Kb6 33. Kxb4 Kxa6 34. Kc5 Kb7 35. Kd6 Kb6 36. Ke7 e5 37. Kxf7 g5 38. Kg6 e4 39. Kxh6 Kc5 40. Kxg5 Kd5 41. Kf4 Kd6 42. Kxe4 Ke6 43. Kf4 Kd6 44. g4 Ke6 45. h4 Kd6 46. h5 Ke6 47. h6 Kd5 48. g5 Kc4 49. h7 Kd3 50. h8=Q Ke2 51. g6 Kf1 52. g7 Ke2 53. g8=Q Ke1 54. e4 Ke2 55. e5 Ke1 56. Ke4 Ke2 57. f3 Ke1 58. f4 Ke2 59. Qg2+ Ke1 60. Qhh1# 1-0


[Site "https://www.chess.com"]

[Event "Titled Tuesday Blitz August 22 Late 2023"]
[White "Itkis, Boris"]
[Black "Filip, Andrei"]
[WhiteFideId "1209167"]
[BlackFideId "1249452"]
[WhiteElo "2487"]
[BlackElo "2378"]
[Result "0-1"]
[Round "11"]
[TimeControl "180+1"]
[Date "2023.08.22"]
[WhiteClock "0:00:25"]
[BlackClock "0:00:26"]
[Board "71"]

1. d4 Nf6 2. Nc3 d5 3. Bf4 c6 4. e3 g6 5. h3 Bg7 6. Nf3 O-O 7. Be2 Na6 8. Bxa6 bxa6 9. Ne5 Qb6 10. Na4 Qa5+ 11. c3 Bd7 12. Nc5 Be8 13. b4 Qb6 14. Qa4 Qb5 15. Qxa6 Ne4 16. Qxb5 cxb5 17. Nxe4 dxe4 18. Kd2 f6 19. Ng4 h5 20. Nh2 e5 21. Bg3 exd4 22. cxd4 Bf7 23. Bd6 Rfc8 24. Bc5 a5 25. a3 a4 26. Rhc1 Bb3 27. Nf1 Kf7 28. Ng3 f5 29. Ne2 g5 30. Rc3 Bc4 31. Rac1 Ke6 32. Ke1 Bf6 33. Ng3 Rh8 34. Nf1 g4 35. Nd2 Bd3 36. Bb6 gxh3 37. gxh3 Rhg8 38. Rc6+ Kf7 39. Rc7+ Be7 40. f3 Rg1+ 41. Kf2 Rxc1 42. Rxc1 Rg8 43. fxe4 fxe4 44. Rc7 Ke6 45. Rxe7+ Kxe7 46. Bc5+ Ke6 47. Nf1 Bxf1 48. Kxf1 Rg3 0-1


[Site "https://www.chess.com"]

[Event "Titled Tuesday Blitz August 22 Late 2023"]
[White "Fajdetic, Hrvoje"]
[Black "Cheng, Xiao"]
[WhiteFideId "14501945"]
[BlackFideId "2022915"]
[WhiteElo "2296"]
[BlackElo "2481"]
[Result "0-1"]
[Round "11"]
[TimeControl "180+1"]
[Date "2023.08.22"]
[WhiteClock "0:00:00"]
[BlackClock "0:01:25"]
[Board "72"]

1. f4 d5 2. b3 Nf6 3. Bb2 c5 4. Nf3 Nc6 5. e3 Bg4 6. Bb5 e6 7. Bxc6+ bxc6 8. d3 Bd6 9. O-O O-O 10. Nbd2 d4 11. Qe1 dxe3 12. Nc4 Bxf4 13. Nfe5 Bxe5 14. Nxe5 e2 15. Rf4 Bh5 16. Nxc6 Qd6 17. Ne5 Nd5 18. Rh4 Bg6 19. Qxe2 f6 20. Nxg6 hxg6 21. Qg4 Kf7 22. Re1 Rh8 23. Rxh8 Rxh8 24. h3 g5 25. Bc1 Rh4 26. Qf3 Nf4 27. Bxf4 Rxf4 28. Qb7+ Kg6 29. Qc8 Qd4+ 30. Kh1 g4 31. Qe8+ Kg5 32. Qxe6 Qf2 0-1


[Site "https://www.chess.com"]

[Event "Titled Tuesday Blitz August 22 Late 2023"]
[White "Toropov, Pavel"]
[Black "tomobeast"]
[WhiteFideId "24129178"]
[WhiteElo "2476"]
[BlackElo "2249"]
[Result "1-0"]
[Round "11"]
[TimeControl "180+1"]
[Date "2023.08.22"]
[WhiteClock "0:00:16"]
[BlackClock "0:00:03"]
[Board "73"]

1. e4 c5 2. Nf3 Nf6 3. e5 Nd5 4. c4 Nc7 5. b3 g6 6. Bb2 Bg7 7. d4 cxd4 8. Qxd4 Nc6 9. Qe3 O-O 10. Nc3 d6 11. exd6 Qxd6 12. Be2 Nb4 13. Qc1 Bf5 14. O-O Nc2 15. Rb1 Nd4 16. Nxd4 Bxb1 17. Ndb5 Nxb5 18. Nxb5 Qe6 19. Bxg7 Kxg7 20. Qb2+ Qf6 21. Qxf6+ Kxf6 22. Rxb1 Rad8 23. Kf1 e6 24. Ke1 a6 25. Nc3 Rd4 26. Rd1 Rfd8 27. Rxd4 Rxd4 28. f3 Ke5 29. g3 f5 30. f4+ Kd6 31. Bf1 Kc5 32. a3 Rd8 33. Ke2 e5 34. fxe5 Re8 35. Kf2 Rxe5 36. Bg2 Kd4 37. Nd5 Kd3 38. Nf4+ Kc3 39. Bxb7 Kxb3 40. Bd5 Kxa3 41. c5 Kb4 42. c6 Re7 43. Ne6 a5 44. c7 Re8 45. Bb7 a4 46. c8=Q Rxc8 47. Bxc8 a3 48. Nd4 a2 49. Nc2+ Kc3 50. Na1 Kb2 51. Ke3 Kxa1 52. Be6 Kb2 53. Bxa2 Kxa2 54. Kf4 h6 55. Ke5 Kb3 56. Kf6 g5 57. Kxf5 Kc4 58. Kg6 Kd4 59. Kxh6 g4 60. Kg5 Ke4 61. Kxg4 1-0


[Site "https://www.chess.com"]

[Event "Titled Tuesday Blitz August 22 Late 2023"]
[White "Seletsky, Grigory"]
[Black "Osmonbekov, Talaibek"]
[WhiteFideId "14112191"]
[BlackFideId "2017253"]
[WhiteElo "2473"]
[BlackElo "2232"]
[Result "1-0"]
[Round "11"]
[TimeControl "180+1"]
[Date "2023.08.22"]
[WhiteClock "0:00:08"]
[BlackClock "0:00:00"]
[Board "74"]

1. e4 c5 2. Nc3 Nc6 3. d3 g6 4. Be3 Bg7 5. Bxc5 Qa5 6. Be3 Bxc3+ 7. bxc3 Qxc3+ 8. Bd2 Qg7 9. f4 Nd4 10. Rb1 e5 11. fxe5 Qxe5 12. Nf3 Nxf3+ 13. Qxf3 Ne7 14. Be2 O-O 15. O-O d5 16. Bh6 dxe4 17. dxe4 Be6 18. Bxf8 Rxf8 19. Rxb7 Bxa2 20. Rxa7 Qe6 21. Bd3 Nc6 22. Ra3 Ne5 23. Qf6 Qxf6 24. Rxf6 Kg7 25. Rd6 Be6 26. h3 h5 27. Kf2 Rb8 28. Ke3 Rb4 29. Rc3 g5 30. Rc5 Kf6 31. Rxe5 Kxe5 32. Ra6 h4 33. Ra5+ Kf6 34. e5+ Kg7 35. Be4 Rc4 36. Ra3 Kh6 37. Ra8 Kg7 38. Rd8 Rc3+ 39. Kd2 Rc5 40. Rd4 Rxe5 41. Kd3 Ra5 42. c4 Ra3+ 43. Kc2 Ra2+ 44. Kc3 Ra1 45. c5 Rc1+ 46. Kb4 f5 47. Bd5 Bc8 48. c6 Kf6 49. Rc4 Rb1+ 50. Kc5 Ke5 51. Rc2 Re1 52. c7 g4 53. Rb2 Rc1+ 54. Bc4 Be6 55. Re2+ Kf4 56. Rxe6 gxh3 57. gxh3 Kg3 58. c8=Q Kxh3 59. Rg6 1-0


[Site "https://www.chess.com"]

[Event "Titled Tuesday Blitz August 22 Late 2023"]
[White "Novikova, Margarita"]
[Black "Hajiyev, Kanan"]
[WhiteFideId "14109689"]
[BlackFideId "13404148"]
[WhiteElo "2206"]
[BlackElo "2466"]
[Result "0-1"]
[Round "11"]
[TimeControl "180+1"]
[Date "2023.08.22"]
[WhiteClock "0:00:00"]
[BlackClock "0:00:10"]
[Board "75"]

1. d4 Nf6 2. Bf4 e6 3. c3 c5 4. Nf3 b6 5. e3 Bb7 6. h3 Be7 7. Nbd2 O-O 8. Be2 d6 9. O-O Nbd7 10. a4 a6 11. c4 cxd4 12. exd4 d5 13. b3 Ne4 14. Nxe4 dxe4 15. Ne5 Nxe5 16. Bxe5 Bf6 17. Qc2 Bxe5 18. dxe5 Qd4 19. Rad1 Qxe5 20. Rd7 Bc6 21. Rd2 e3 22. fxe3 Qxe3+ 23. Kh2 Rad8 24. Rfd1 Qf4+ 25. Kg1 Qe3+ 26. Kh2 Be4 27. Qb2 Qf4+ 28. Kg1 Qg3 29. Bf1 Rxd2 30. Rxd2 Qe3+ 31. Kh2 Qe1 32. Re2 Qxf1 33. Rxe4 g6 34. Qd4 Qb1 35. Re3 Qf5 36. Rf3 Qc5 37. Qb2 a5 38. Rd3 Qc7+ 39. Kg1 Rd8 40. Qd2 Rxd3 41. Qxd3 Qc5+ 42. Kh2 Kg7 43. Qc3+ e5 44. Qd3 h5 45. Qf3 Qd4 46. Kh1 h4 47. Qe2 e4 48. Kh2 e3 49. Kg1 Qa1+ 50. Kh2 Qe5+ 51. Kg1 Qe4 52. Kf1 Qb1+ 53. Qe1 Qxb3 54. Ke2 Qxc4+ 55. Kf3 Qd5+ 56. Ke2 f5 57. Qc3+ Kh6 58. Qxe3+ f4 59. Qxf4+ Qg5 60. Qf3 Qh5 61. Qxh5+ Kxh5 62. Kd3 Kg5 63. Kc4 Kf4 64. Kb5 Kg3 65. Kxb6 Kxg2 66. Kxa5 Kxh3 67. Kb6 Kg3 68. a5 h3 69. a6 h2 70. a7 h1=Q 71. Kc7 Qa8 72. Kb6 g5 0-1


[Site "https://www.chess.com"]

[Event "Titled Tuesday Blitz August 22 Late 2023"]
[White "Tanenbaum, Zachary"]
[Black "Arnold, Ken"]
[WhiteFideId "2060850"]
[BlackFideId "2056836"]
[WhiteElo "2670"]
[BlackElo "2416"]
[Result "0-1"]
[Round "11"]
[TimeControl "180+1"]
[Date "2023.08.22"]
[WhiteClock "0:00:14"]
[BlackClock "0:01:00"]
[Board "76"]

1. e4 c6 2. d4 d5 3. exd5 cxd5 4. Bd3 Nf6 5. c3 Nc6 6. Bf4 e6 7. Nf3 Bd6 8. Bg3 O-O 9. Nbd2 b6 10. O-O Bxg3 11. hxg3 Bb7 12. Ne5 Nxe5 13. dxe5 Ne4 14. Bxe4 dxe4 15. Re1 Qd5 16. Nxe4 Qxe5 17. Nd6 Qd5 18. Nxb7 Qxb7 19. Qg4 Rfd8 20. Re2 Rd5 21. Rae1 Rad8 22. Qf3 Qd7 23. c4 Rd3 24. Qe4 Rd4 25. Qc2 Qc6 26. b3 g6 27. Qc3 a5 28. a4 h5 29. Re5 Rd3 30. Qc2 Rd2 31. Qb1 R8d3 32. Qc1 Qd6 33. c5 Qd4 34. Kh1 Qxf2 35. Rg1 Rxg3 36. Qf1 Rh3+ 37. gxh3 Qh2# 0-1


[Site "https://www.chess.com"]

[Event "Titled Tuesday Blitz August 22 Late 2023"]
[White "Martinez Reyes, Pedro Ramon"]
[Black "Andrews, Todd"]
[WhiteFideId "3901807"]
[BlackFideId "2012456"]
[WhiteElo "2564"]
[BlackElo "2394"]
[Result "1-0"]
[Round "11"]
[TimeControl "180+1"]
[Date "2023.08.22"]
[WhiteClock "0:00:16"]
[BlackClock "0:00:00"]
[Board "77"]

1. d4 Nf6 2. c4 c5 3. d5 b5 4. cxb5 a6 5. b6 e6 6. Nc3 Nxd5 7. Nxd5 exd5 8. Qxd5 Nc6 9. Bd2 Be7 10. Bc3 O-O 11. e4 Rb8 12. Bc4 Rxb6 13. Nf3 d6 14. Qh5 Bf6 15. O-O Bxc3 16. Ng5 h6 17. Nxf7 Rxf7 18. Qxf7+ Kh8 19. bxc3 Ne5 20. Qd5 Bb7 21. Qe6 Bc8 22. Qd5 Bb7 23. Qe6 Bxe4 24. Rfe1 Bb7 25. Rad1 Nxc4 26. Qxc4 d5 27. Qe2 Rg6 28. Qe8+ Qxe8 29. Rxe8+ Kh7 30. Re7 Bc6 31. f3 d4 32. Kf2 dxc3 33. Rc1 Bd5 34. Rxc3 Bxa2 35. Rxc5 Bb3 36. Rcc7 a5 37. Ra7 a4 38. g4 Rg5 39. h4 Rg6 40. Kg3 Bd1 41. Kf2 Kh8 42. Red7 Bb3 43. Kg3 Kh7 44. h5 Rg5 45. f4 Rc5 46. Rxg7+ Kh8 47. Rh7+ Kg8 48. Rhb7 Rc8 49. Rb6 Bf7 50. Rxh6 Kg7 51. Rha6 Rc3+ 52. Kh4 Ra3 53. Kg5 Ra1 54. f5 Kf8 55. h6 a3 56. Kf6 a2 57. Rxf7+ 1-0


[Site "https://www.chess.com"]

[Event "Titled Tuesday Blitz August 22 Late 2023"]
[White "Bazilius, Augustinas"]
[Black "Ozalp, Burak"]
[WhiteFideId "12832251"]
[BlackFideId "6314210"]
[WhiteElo "2461"]
[BlackElo "2398"]
[Result "1-0"]
[Round "11"]
[TimeControl "180+1"]
[Date "2023.08.22"]
[WhiteClock "0:00:08"]
[BlackClock "0:01:24"]
[Board "78"]

1. d4 d5 2. c4 e6 3. Nf3 Nf6 4. g3 Be7 5. Bg2 O-O 6. O-O dxc4 7. Ne5 a5 8. Nxc4 a4 9. Nc3 a3 10. bxa3 Nc6 11. e3 Nd5 12. Qc2 Na5 13. Nxd5 exd5 14. Ne5 f6 15. Nd3 Bf5 16. Qc3 Bxd3 17. Qxd3 Nc4 18. e4 c6 19. exd5 cxd5 20. Qf5 Nb6 21. Rb1 Qd6 22. Bf4 Qd7 23. Qxd7 Nxd7 24. Rxb7 Rad8 25. Bxd5+ Kh8 26. Bc6 g5 27. Bc7 Nb8 28. Bxb8 Rxb8 29. Rxe7 Rfc8 30. d5 Rb2 31. Rfe1 Rxa2 32. Re8+ Rxe8 33. Rxe8+ Kg7 34. d6 Ra1+ 35. Kg2 Kf7 36. d7 Rd1 37. d8=Q Rxd8 38. Rxd8 h5 39. h4 gxh4 40. gxh4 Kg6 41. a4 Kf5 42. a5 Kg4 43. Rd4+ Kf5 44. a6 Ke5 45. Re4+ Kf5 46. a7 Kg6 47. a8=R Kf5 48. Kg3 Kg6 49. Rf4 Kh7 50. Rxf6 Kg7 51. Rff8 Kh7 52. Rh8+ Kg7 53. Rag8+ Kf6 54. Rxh5 Ke7 55. Rf5 Kd6 56. Bh1 Ke7 57. Kg4 Ke6 58. h5 Ke7 59. h6 Ke6 60. h7 Ke7 61. h8=R Ke6 62. Re8+ Kd7 63. Rd5+ Kc6 64. f4 Kc7 65. f5 Kc6 66. f6 Kc7 67. f7 Kc6 68. f8=R Kc7 69. Rg5 Kd7 70. Rgg8 Kc7 71. Bc6 Kd6 72. Rd8+ Kc5 73. Bh1 Kb6 74. Kf5 Kc7 75. Ke6 Kb6 76. Kf7 Kc7 77. Ke8 Kb6 78. Kf7 Kc7 79. Rc8+ Kb6 80. Rb8+ Kc7 81. Rfc8+ Kd6 82. Rgd8+ Ke5 83. Rhe8+ Kf4 84. Rb4+ Kg5 85. Rc5+ Kh6 86. Rd6+ Kh7 87. Be4# 1-0


[Site "https://www.chess.com"]

[Event "Titled Tuesday Blitz August 22 Late 2023"]
[White "Mesa Cruz, Juan Carlos"]
[Black "Harish, Neeraj"]
[WhiteFideId "6423400"]
[BlackFideId "30958130"]
[WhiteElo "2444"]
[BlackElo "2346"]
[Result "1-0"]
[Round "11"]
[TimeControl "180+1"]
[Date "2023.08.22"]
[WhiteClock "0:00:09"]
[BlackClock "0:00:00"]
[Board "79"]

1. Nf3 d5 2. g3 Nf6 3. Bg2 e6 4. O-O Be7 5. d3 O-O 6. c4 c5 7. cxd5 exd5 8. d4 cxd4 9. Nxd4 Nc6 10. Nc3 Bc5 11. Be3 Nxd4 12. Bxd4 Bxd4 13. Qxd4 Be6 14. Rac1 Rc8 15. Rfd1 Qd7 16. b3 Rfd8 17. e3 h6 18. Ne2 Rxc1 19. Rxc1 Rc8 20. Rd1 Rc2 21. Rd2 Rxd2 22. Qxd2 Ne4 23. Qd4 b6 24. Bxe4 dxe4 25. Qxd7 Bxd7 26. Nc3 f5 27. Kf1 Kf7 28. Ke2 Ke6 29. Kd2 Kd6 30. Ne2 Kc5 31. Kc3 a5 32. a3 Kd5 33. b4 g6 34. Nf4+ Kc6 35. Nxg6 Kb5 36. Nf4 Ka4 37. bxa5 bxa5 38. Kb2 Kb5 39. Nd5 Kc5 40. Nf6 Be6 41. Kc3 Bf7 42. Nd7+ Kc6 43. Nf8 Kd6 44. Nh7 Ke7 45. h4 Bg8 46. Ng5 hxg5 47. hxg5 a4 48. Kd4 Be6 49. Ke5 Kf7 50. g6+ Ke7 51. g7 Bg8 52. Kxf5 Kf7 53. Kxe4 Kxg7 54. Kd4 Kf6 55. e4 Bb3 56. f4 Ke6 57. g4 Kf6 58. g5+ Kg6 59. Ke5 Bc4 60. Kd6 Bd3 61. e5 Bc4 62. e6 Bb5 63. Ke5 Bc6 64. f5+ Kxg5 65. f6 Kg6 66. f7 1-0


[Site "https://www.chess.com"]

[Event "Titled Tuesday Blitz August 22 Late 2023"]
[White "Balla, Tamas-Kristof"]
[Black "Stanisz, Patryk"]
[WhiteFideId "1208497"]
[BlackFideId "1123106"]
[WhiteElo "2439"]
[BlackElo "2341"]
[Result "1-0"]
[Round "11"]
[TimeControl "180+1"]
[Date "2023.08.22"]
[WhiteClock "0:01:14"]
[BlackClock "0:02:06"]
[Board "80"]

1. e4 c5 2. c3 Nf6 3. e5 Nd5 4. d4 cxd4 5. Nf3 Nc6 6. cxd4 d6 7. Bc4 Nb6 8. Bb5 d5 9. Nc3 Bg4 10. h3 Bh5 11. O-O e6 12. Be2 Be7 13. a3 Rc8 14. Be3 Na5 15. Nd2 Bxe2 16. Qxe2 Nac4 17. Nxc4 Nxc4 18. Rac1 O-O 19. f4 Qd7 20. Bf2 b5 21. Kh1 a5 22. g4 b4 23. axb4 axb4 24. Nd1 Nb6 25. Bg3 Rxc1 26. f5 Bg5 27. h4 Bd8 28. f6 Qc6 29. Qd2 Qc2 30. Qg5 Rxd1 31. Qxg7# 1-0


[Site "https://www.chess.com"]

[Event "Titled Tuesday Blitz August 22 Late 2023"]
[White "Sernecki, Franciszek"]
[Black "Antonio, Jorge Carlos"]
[WhiteFideId "1169297"]
[BlackFideId "113190"]
[WhiteElo "2431"]
[BlackElo "2332"]
[Result "1-0"]
[Round "11"]
[TimeControl "180+1"]
[Date "2023.08.22"]
[WhiteClock "0:00:03"]
[BlackClock "0:00:00"]
[Board "81"]

1. d4 d5 2. c4 c6 3. Nc3 dxc4 4. e3 b5 5. a4 Qb6 6. axb5 cxb5 7. b3 e6 8. bxc4 Bb4 9. Bd2 bxc4 10. Bxc4 Nf6 11. Nf3 a5 12. O-O O-O 13. Qe2 Bb7 14. Na4 Qd6 15. Bxb4 axb4 16. Nc5 Bxf3 17. Qxf3 Rxa1 18. Rxa1 Nbd7 19. Nxd7 Nxd7 20. Qb7 Rb8 21. Ra8 g6 22. Rxb8+ Nxb8 23. g3 Kg7 24. Bb5 b3 25. Bc4 Qa3 26. Bxb3 Qf8 27. Bxe6 Qe8 28. Bxf7 Qxf7 29. Qxb8 Qc4 30. Qe5+ Kh6 31. Qf4+ Kg7 32. h4 Qe2 33. Qe5+ Kh6 34. Qf4+ Kg7 35. g4 Qe1+ 36. Kg2 Qd1 37. g5 h5 38. gxh6+ Kh7 39. Kh2 Qh5 40. Qg5 Qf3 41. Qe7+ Kxh6 42. Qg5+ Kg7 43. Qf4 1-0


[Site "https://www.chess.com"]

[Event "Titled Tuesday Blitz August 22 Late 2023"]
[White "Feliz Dotel, Dewar Bienvenido"]
[Black "Jorajuria Mendoza, Algol"]
[WhiteFideId "6402801"]
[BlackFideId "5128897"]
[WhiteElo "2204"]
[BlackElo "2430"]
[Result "1-0"]
[Round "11"]
[TimeControl "180+1"]
[Date "2023.08.22"]
[WhiteClock "0:00:33"]
[BlackClock "0:00:17"]
[Board "82"]

1. d4 d5 2. e3 Nf6 3. Nf3 c5 4. dxc5 Nc6 5. a3 e5 6. b4 Bg4 7. Be2 Qc7 8. Bb2 Bxf3 9. Bxf3 Rd8 10. h3 Be7 11. Nd2 O-O 12. O-O a5 13. c3 e4 14. Be2 Ne5 15. Nb3 Rfe8 16. Nd4 h6 17. Qc2 b6 18. cxb6 Qxb6 19. Rac1 Rc8 20. Qb3 Bd6 21. Nf5 Bb8 22. c4 dxc4 23. Bxc4 Nxc4 24. Rxc4 a4 25. Qc3 Qe6 26. Rxc8 Rxc8 27. Qxc8+ 1-0


[Site "https://www.chess.com"]

[Event "Titled Tuesday Blitz August 22 Late 2023"]
[White "Hilby, Craig"]
[Black "Labussiere, Yago"]
[WhiteFideId "2062674"]
[BlackFideId "2186969"]
[WhiteElo "2657"]
[BlackElo "2365"]
[Result "1-0"]
[Round "11"]
[TimeControl "180+1"]
[Date "2023.08.22"]
[WhiteClock "0:00:22"]
[BlackClock "0:00:15"]
[Board "83"]

1. e4 c5 2. Nf3 Nc6 3. d4 cxd4 4. Nxd4 Nf6 5. Nc3 e5 6. Ndb5 d6 7. Nd5 Nxd5 8. exd5 Nb8 9. a4 Be7 10. Be2 O-O 11. O-O Nd7 12. Bd2 f5 13. a5 a6 14. Na3 Bf6 15. Nc4 e4 16. Ra2 Ne5 17. Nb6 Rb8 18. Bb4 f4 19. Nxc8 Rxc8 20. Bg4 Nxg4 21. Qxg4 Be5 22. b3 e3 23. c4 exf2+ 24. Kh1 Qf6 25. Raxf2 g5 26. h4 h6 27. g3 Qf5 28. Qxf5 Rxf5 29. Bd2 Rcf8 30. gxf4 Bxf4 31. Bxf4 gxf4 32. Kg2 h5 33. Kf3 Re5 34. Re2 Rxe2 35. Kxe2 Kg7 36. Rg1+ Kh6 37. Rg5 f3+ 38. Kf2 Rf4 39. Rg8 Rxh4 40. Kxf3 Rh3+ 41. Rg3 Rh1 42. Kf4 Ra1 43. Kf5 Rxa5 44. Ke6 h4 45. Re3 b5 46. Kxd6 Ra3 47. c5 a5 48. c6 a4 49. c7 axb3 50. c8=Q Ra8 51. Qxa8 1-0


[Site "https://www.chess.com"]

[Event "Titled Tuesday Blitz August 22 Late 2023"]
[White "Figorito, Nick"]
[Black "Koziorowicz, Michal"]
[WhiteFideId "30923689"]
[BlackFideId "21809194"]
[WhiteElo "2351"]
[BlackElo "2596"]
[Result "0-1"]
[Round "11"]
[TimeControl "180+1"]
[Date "2023.08.22"]
[WhiteClock "0:00:17"]
[BlackClock "0:01:10"]
[Board "84"]

1. Nf3 d5 2. g3 c6 3. Bg2 Nf6 4. O-O Bf5 5. d3 h6 6. Nbd2 Bh7 7. Qe1 e6 8. e4 Be7 9. e5 Nfd7 10. c3 Qc7 11. Qe2 O-O 12. d4 c5 13. Nb3 Nc6 14. Be3 c4 15. Nc1 b5 16. a3 a5 17. Qd2 b4 18. axb4 axb4 19. Ne2 bxc3 20. bxc3 Nb6 21. Nf4 Na5 22. Qb2 Nb3 23. Rxa8 Rxa8 24. Nh5 Qa7 25. Nd2 Qa2 26. Qxa2 Rxa2 27. Nb1 Na4 28. Bf3 Bd3 29. Re1 Ra1 30. Kg2 Rxb1 31. Rxb1 Bxb1 0-1


[Site "https://www.chess.com"]

[Event "Titled Tuesday Blitz August 22 Late 2023"]
[White "Ganiev, Roman"]
[Black "rionelG"]
[WhiteFideId "4131452"]
[WhiteElo "2541"]
[BlackElo "2344"]
[Result "1-0"]
[Round "11"]
[TimeControl "180+1"]
[Date "2023.08.22"]
[WhiteClock "0:01:01"]
[BlackClock "0:01:05"]
[Board "85"]

1. e4 c5 2. Nf3 d6 3. d4 cxd4 4. Nxd4 Nf6 5. Nc3 a6 6. h3 e6 7. g4 Nfd7 8. Bg2 Be7 9. Be3 O-O 10. Qd2 Nc6 11. O-O-O Nde5 12. Qe2 Nxd4 13. Bxd4 Ng6 14. Be3 Bg5 15. Kb1 Nf4 16. Qf1 Nxg2 17. Bxg5 Qxg5 18. Qxg2 b5 19. h4 Qe5 20. Qh2 Bb7 21. Rxd6 Qxh2 22. Rxh2 b4 23. Rd7 Bc6 24. Rc7 Rfc8 25. Rxc8+ Rxc8 26. Nd1 Bxe4 27. Ne3 f5 28. gxf5 exf5 29. f3 Bxf3 30. Nxf5 Be4 31. Ne7+ 1-0


[Site "https://www.chess.com"]

[Event "Titled Tuesday Blitz August 22 Late 2023"]
[White "Okike, David"]
[Black "Souleidis, Georgios"]
[WhiteFideId "8500134"]
[BlackFideId "4206827"]
[WhiteElo "2333"]
[BlackElo "2534"]
[Result "1/2-1/2"]
[Round "11"]
[TimeControl "180+1"]
[Date "2023.08.22"]
[WhiteClock "0:00:58"]
[BlackClock "0:00:18"]
[Board "86"]

1. e4 c5 2. Nf3 e6 3. d4 cxd4 4. Nxd4 Nf6 5. Nc3 Nc6 6. a3 Be7 7. f4 d6 8. Be3 a6 9. Be2 Qc7 10. O-O O-O 11. Bf3 Nxd4 12. Qxd4 e5 13. Qd2 exf4 14. Bxf4 Be6 15. Nd5 Bxd5 16. exd5 Nd7 17. c3 Bf6 18. Rae1 Rae8 19. Be4 g6 20. g4 Be5 21. Bh6 Bg7 22. Bf4 Ne5 23. g5 Re7 24. Qg2 Rfe8 25. h4 Nc4 26. Bc1 b5 27. Re2 a5 28. Kh1 a4 29. Rfe1 Qd7 30. Bf3 Ne5 31. Be4 Qc8 32. Bf4 Nc4 33. Bc1 Be5 34. Bf3 Qc7 35. h5 Bg7 36. h6 Be5 37. Qg4 Qc8 38. Qxc8 Rxc8 39. Kg2 Kf8 40. Bg4 Rcc7 41. Bf3 f6 42. gxf6 Bxf6 43. Rxe7 Rxe7 44. Re6 Kf7 45. Rxe7+ Kxe7 46. Be4 Be5 47. Kf3 Kf6 48. Kg4 Kf7 49. Bd3 Bf6 50. Be4 Ne5+ 51. Kf4 Ke7 52. Be3 Nf7 53. Kg4 Ne5+ 54. Kf4 Nc4 55. Bc1 Be5+ 56. Kg4 Bf6 57. Kf4 Be5+ 58. Kg4 Bf6 59. Kf4 1/2-1/2


[Site "https://www.chess.com"]

[Event "Titled Tuesday Blitz August 22 Late 2023"]
[White "reevecanada"]
[Black "Fernandez, Maria Florencia"]
[BlackFideId "116459"]
[WhiteElo "2509"]
[BlackElo "2343"]
[Result "1-0"]
[Round "11"]
[TimeControl "180+1"]
[Date "2023.08.22"]
[WhiteClock "0:01:27"]
[BlackClock "0:00:00"]
[Board "87"]

1. e4 c5 2. Nf3 d6 3. Bb5+ Nd7 4. d4 cxd4 5. Nxd4 a6 6. Bd3 Ngf6 7. O-O g6 8. Re1 Bg7 9. Bf1 O-O 10. c4 Nc5 11. Nc3 Bd7 12. b3 Ne6 13. Nxe6 Bxe6 14. Bb2 Rc8 15. f3 Nh5 16. Qd2 Be5 17. Kh1 Bf4 18. Qf2 Qa5 19. Nd5 Bxd5 20. exd5 Bg5 21. f4 Nxf4 22. Qg3 h6 23. h4 Nh5 24. Qf2 Bf4 25. Rxe7 Rce8 26. Rae1 Rxe7 27. Rxe7 Qd8 28. Re4 Ng3+ 29. Kg1 Nxe4 30. Qxf4 f5 31. Qxh6 Kf7 32. Qg7+ Ke8 33. Qxg6+ Rf7 34. h5 Qe7 35. h6 Kd7 36. Bg7 Nd2 37. Qe6+ Qxe6 38. dxe6+ Kxe6 39. h7 f4 40. h8=Q f3 41. Qe8+ Re7 42. Qc8+ Kf7 43. Qf8+ Ke6 44. gxf3 Rf7 45. Bh3+ 1-0


[Site "https://www.chess.com"]

[Event "Titled Tuesday Blitz August 22 Late 2023"]
[White "Ismayil, Malak"]
[Black "Ardila, Oscar Humberto"]
[WhiteFideId "13412604"]
[BlackFideId "4404742"]
[WhiteElo "2484"]
[BlackElo "2325"]
[Result "1/2-1/2"]
[Round "11"]
[TimeControl "180+1"]
[Date "2023.08.22"]
[WhiteClock "0:01:57"]
[BlackClock "0:00:16"]
[Board "88"]

1. e4 e5 2. Nf3 Nf6 3. d3 Nc6 4. Nc3 Bb4 5. Bd2 d6 6. Be2 O-O 7. O-O h6 8. a3 Ba5 9. h3 Qe7 10. Nd5 Nxd5 11. exd5 Bxd2 12. Qxd2 Nb8 13. Rae1 f5 14. Bd1 Qf6 15. c4 Nd7 16. b4 a5 17. Bb3 Kh8 18. Rc1 b6 19. Rfe1 axb4 20. axb4 Bb7 21. Ra1 Rxa1 22. Rxa1 e4 23. Ra7 exf3 24. Rxb7 Qa1+ 25. Kh2 Qf1 26. gxf3 Ne5 27. Bd1 Rf6 28. Qe2 Nxf3+ 29. Qxf3 Rg6 30. Rb8+ Kh7 31. h4 Qg1+ 32. Kh3 Qf1+ 33. Kh2 Qg1+ 34. Kh3 Qf1+ 35. Kh2 1/2-1/2


[Site "https://www.chess.com"]

[Event "Titled Tuesday Blitz August 22 Late 2023"]
[White "Onthequiet"]
[Black "Gerbelli Neto, Eduardo"]
[BlackFideId "2103281"]
[WhiteElo "2422"]
[BlackElo "2317"]
[Result "1-0"]
[Round "11"]
[TimeControl "180+1"]
[Date "2023.08.22"]
[WhiteClock "0:02:34"]
[BlackClock "0:01:30"]
[Board "89"]

1. d4 d5 2. Nf3 Nf6 3. c4 c6 4. e3 e6 5. Nbd2 Nbd7 6. Bd3 Bd6 7. O-O O-O 8. Re1 e5 9. cxd5 cxd5 10. e4 exd4 11. e5 Nc5 12. Bb1 Bc7 13. exf6 Qxf6 14. Qc2 Ne4 15. Nxe4 dxe4 16. Qxe4 g6 17. Bh6 Bf5 18. Qe7 Qxe7 19. Rxe7 Rfc8 20. Bxf5 gxf5 21. Nxd4 Bd6 22. Nxf5 1-0


[Site "https://www.chess.com"]

[Event "Titled Tuesday Blitz August 22 Late 2023"]
[White "SergioMoralesG"]
[Black "Acikel, Mert"]
[BlackFideId "12956465"]
[WhiteElo "2420"]
[BlackElo "2311"]
[Result "1-0"]
[Round "11"]
[TimeControl "180+1"]
[Date "2023.08.22"]
[WhiteClock "0:00:52"]
[BlackClock "0:00:04"]
[Board "90"]

1. d4 d5 2. c4 e6 3. Nf3 c5 4. e3 Nf6 5. Nc3 Nc6 6. cxd5 Nxd5 7. Bd3 cxd4 8. exd4 Be7 9. O-O O-O 10. Re1 Bf6 11. Be4 a6 12. h3 Re8 13. a3 Nxc3 14. bxc3 Bd7 15. a4 Na5 16. Bf4 Rc8 17. Qd3 h6 18. Ne5 Bc6 19. Bh7+ Kf8 20. Ng4 Bd5 21. Nxf6 Qxf6 22. Bd6+ Re7 23. Be4 Bc4 24. Qg3 Nc6 25. h4 Kg8 26. Be5 Nxe5 27. dxe5 Qf5 28. Bxf5 1-0


[Site "https://www.chess.com"]